 Dungeon Crawl Stone Soup version 0.25-a0-403-g49d089a364 (webtiles) character file.

Game seed: 5951918503820337168, levelgen mode: deterministic

24 ChaosChampion the Skirmisher (level 2, 0/24 HPs)
             Began as a Demonspawn Abyssal Knight on Jan 9, 2020.
             Was a Follower of Lugonu.
             Succumbed to an adder's poison
             ... on level 2 of the Dungeon.
             The game lasted 00:02:44 (1491 turns).

ChaosChampion the Skirmisher (DsAK)                 Turns: 1491, Time: 00:02:44

Health: 0/24       AC:  3    Str: 12    XL:     2   Next: 79%
Magic:  4/4        EV: 11    Int: 13    God:    Lugonu [*.....]
Gold:   28         SH:  0    Dex: 12    Spells: 1/1 levels left

rFire    . . .     SeeInvis .   a - +1 spear
rCold    . . .     Gourm    .   (no shield)
rNeg     . . .     Faith    .   b - +0 leather armour
rPois    .         Spirit   .   (no helmet)
rElec    .         Reflect  .   (no cloak)
rCorr    .         Harm     .   (no gloves)
MR       .....                  (no boots)
Stlth    +.........             (no amulet)
HPRegen  0.08/turn              (no ring)
MPRegen  0.09/turn              (no ring)

@: lethally poisoned (0 -> -5), very slightly contaminated
A: claws 1
a: Depart the Abyss, Renounce Religion


You were on level 2 of the Dungeon.
You worshipped Lugonu.
Lugonu was aware of your devotion.
You were near starving.

You visited 1 branch of the dungeon, and saw 2 of its levels.
You visited the Abyss 1 time.

You collected 28 gold pieces.

Inventory:

Hand Weapons
 a - a +1 spear (weapon)
Armour
 b - a +0 leather armour (worn)
Scrolls
 d - a scroll of remove curse
Comestibles
 c - 2 rations


   Skills:
 + Level 3.4 Fighting
 + Level 2.1 Polearms
 + Level 2.0 Armour
 + Level 1.1 Dodging
 + Level 0.3 Stealth
 + Level 2.7 Invocations


You had one spell level left.
You didn't know any spells.
Your spell library was empty.

Dungeon Overview and Level Annotations

Branches:
Dungeon (2/15)

Altars:


Innate Abilities, Weirdness & Mutations

You have sharp fingernails.


Message History

* * * LOW HITPOINT WARNING * * *
You feel sick.
* * * LOW HITPOINT WARNING * * *
You feel sick.
* * * LOW HITPOINT WARNING * * *
You feel sick.
* * * LOW HITPOINT WARNING * * *
You feel sick.
* * * LOW HITPOINT WARNING * * *
You feel sick.
You see here a hat.
* * * LOW HITPOINT WARNING * * *
You feel sick.
You aren't carrying any potions.
Blink to where?
Press: ? - help, Dir - move target cursor You are very lightly contaminated with residual magic.
As you read the scroll labeled LOZU UMUOMMU, it crumbles to dust.
It was a scroll of blinking.
You die...

######......#
#...w..#
#......#
#......#
#......#
#...[..# #
#...ยง..# .#
#......#####..##
#.........@....#
####.#######...#
#.# #..# #.# ...
#.# . #.# #.#
#.# #
#.#######.#


There were no monsters in sight!

Vanquished Creatures
  An adder (D:2)
  2 giant cockroaches
  A goblin (D:1)
  A hobgoblin (D:2)
  2 kobolds (D:1)
  A ball python (D:1)
  4 bats
  A frilled lizard (D:1)
  2 rats
15 creatures vanquished.

Notes
Turn   | Place    | Note
-------+----------+-------------------------------------------
     0 | Abyss:1  | ChaosChampion the Demonspawn Abyssal Knight began the quest
                  | for the Orb.
     0 | Abyss:1  | Reached XP level 1. HP: 18/18 MP: 2/2
    97 | Abyss:1  | Noticed a large abomination
   103 | Abyss:1  | Noticed a large abomination
   109 | Abyss:1  | Noticed a rakshasa
   115 | D:1      | Escaped the Abyss
   679 | D:1      | Gained mutation: You have sharp fingernails. [demonic
                  | ancestry]
   679 | D:1      | Reached XP level 2. HP: 22/24 MP: 3/3
  1451 | D:2      | Reached skill level 1 in Dodging
  1489 | D:2      | HP: 1/24 [poisoned by an adder]
  1491 | D:2      | Succumbed to an adder's poison

Levels and vault maps discovered:
D:1:      erik_arrival_triangle_medium, layout_basic
D:2:      layout_basic, nrook_uturn, minmay_randomly_rotated_circles

Skill      XL: |  1  2 |
---------------+-------+-----
Armour         | 2 |  2.0
Polearms       | 2 |  2.1
Dodging        | 1 |  1.1
Fighting       | |  3.4
Stealth        | |  0.3
Invocations    | |  2.7

Action                   || total
-------------------------++-------
Melee: Spear             ||    72
  Use: Scroll            ||     4
       Potion            ||     4
 Stab: Sleeping          ||     1
Armor: Leather armour    ||    12
Dodge: Dodged            ||    45

Table legend:
 A = Non-vault XP
 B = Vault XP
 C = Vault XP percentage of total XP
 D = Non-vault monster count
 E = Vault monster count
 F = Vault count percentage of total count
                 A         B        C        D         E       F
            +---------+---------+-------+---------+---------+-------
      Total |      35 |       0 |   0.0 |      15 |       0 |   0.0
            +---------+---------+-------+---------+---------+-------
        D:1 |      15 |       0 |   0.0 |      10 |       0 |   0.0
        D:2 |      20 |       0 |   0.0 |       5 |       0 |   0.0
            +---------+---------+-------+---------+---------+-------
